 Dungeon Crawl Stone Soup version 0.19.1-1-g22dce08 (webtiles) character file.

93 McKennaii the Gusty (level 4, -2/27 HPs)
             Began as a High Elf Air Elementalist on Jan 12, 2017.
             Slain by a hobgoblin (4 damage)
             ... on level 3 of the Dungeon.
             The game lasted 00:04:33 (1701 turns).

McKennaii the Gusty (High Elf Air Elementalist)     Turns: 1701, Time: 00:04:35

Health: -2/27      AC:  5    Str:  7    XL:     4   Next: 36%
Magic:  8/10       EV: 10    Int: 19    God:
Gold:   89         SH:  0    Dex: 16    Spells: 3 memorised, 5 levels left

rFire  . . .     SeeInvis .     (no weapon)
rCold  . . .     Gourm    .     p - +0 ring mail (curse)
rNeg   . . .     Faith    .     (no shield)
rPois  .         Spirit   .     (no helmet)
rElec  .         Reflect  .     (no cloak)
rCorr  .         Harm     .     (no gloves)
MR     .....                    (no boots)
Stlth  ++........               (no amulet)
                                (no ring)
                                (no ring)

@: very slightly contaminated
A: no striking features
a: no special abilities


You were on level 3 of the Dungeon.
You were not hungry.

You visited 1 branch of the dungeon, and saw 3 of its levels.

You collected 89 gold pieces.

Inventory:

Armour
 a - a +0 robe
 p - a cursed +0 ring mail (worn)
Potions
 d - 2 potions of curing
 h - a potion of cancellation {unknown}
 i - a potion of mutation {unknown}
 n - a potion of flight {unknown}
Books
 b - a book of Air

   Spells                             Type                      Level
   a - Shock                          Conjuration/Air              1
   b - Swiftness                      Charms/Air                   2
   c - Repel Missiles                 Charms/Air                   2
   d - Static Discharge               Conjuration/Air              3
   e - Lightning Bolt                 Conjuration/Air              5
Comestibles
 c - a bread ration
 k - a meat ration
 o - a slice of pizza


   Skills:
 + Level 2.2 Dodging
 + Level 2.4 Stealth
 + Level 3.8 Spellcasting
 + Level 2.0 Conjurations
 + Level 4.7 Air Magic


You had 5 spell levels left.
You knew the following spells:

 Your Spells              Type           Power        Failure   Level  Hunger
a - Shock                 Conj/Air       ###.         14%         1    None
b - Swiftness             Chrm/Air       ##......     34%         2    ##.....
c - Repel Missiles        Chrm/Air       ##....       34%         2    ##.....


Dungeon Overview and Level Annotations

Branches:
Dungeon (3/15)

Altars:


Message History

You barely miss the hobgoblin.
The hobgoblin is moderately wounded.
The hobgoblin barely misses you. The orc barely misses you.
You closely miss the hobgoblin.
The hobgoblin is moderately wounded.
The orc wizard gestures wildly while chanting.
The orc wizard blinks!
The hobgoblin barely misses you.
You hit the hobgoblin but do no damage.
The hobgoblin is moderately wounded.
The orc hits you with a flail.
* * * LOW HITPOINT WARNING * * *
The hobgoblin hits you.
* * * LOW HITPOINT WARNING * * *
You hit the hobgoblin.
The hobgoblin is severely wounded.
The orc wizard gestures wildly while chanting.
The orc wizard blinks!
The orc hits you with a flail.
* * * LOW HITPOINT WARNING * * *
The hobgoblin hits you.
You die...

. .. ..o .... #..<
#....#############.#
#.$).....o@go.ยง..#
#..###############
#... #... ... #. #


You could see an orc wizard, an orc and a hobgoblin.

Vanquished Creatures
  2 adders (D:2)
  2 oozes
  4 worms
  4 dart slugs
  A leopard gecko (D:1)
  An orc (D:3)
  2 giant cockroaches
  2 hobgoblins
  3 jackals (D:2)
  2 quokkas (D:2)
  6 bats
  2 frilled lizards (D:2)
  3 goblins
  5 kobolds
  8 rats
47 creatures vanquished.

Notes
Turn   | Place    | Note
-------+----------+-------------------------------------------
     0 | D:1      | McKennaii the High Elf Air Elementalist began the quest for the Orb.
     0 | D:1      | Reached XP level 1. HP: 11/11 MP: 4/4
    91 | D:1      | Reached XP level 2. HP: 17/17 MP: 0/6
    95 | D:1      | Learned a level 2 spell: Swiftness
    98 | D:1      | Learned a level 2 spell: Repel Missiles
   139 | D:1      | Reached skill level 4 in Air Magic
   602 | D:2      | Reached XP level 3. HP: 18/21 MP: 0/8
  1111 | D:2      | Reached XP level 4. HP: 16/27 MP: 0/10
  1701 | D:3      | Slain by a hobgoblin

Skill      XL: |  1  2  3  4 |
---------------+-------------+-----
Air Magic      | 4 |  4.7
Spellcasting   | 3 |  3.8
Conjurations   | 2 |  2.0
Dodging        | |  2.2
Stealth        | |  2.4

Action                   |  1- 3 |  4- 6 || total
-------------------------+-------+-------++-------
Melee: Unarmed           |    13 |    16 ||    29
 Cast: Shock             |    73 |    31 ||   104
       Repel Missiles    |     1 |       ||     1
  Use: Scroll            |       |     6 ||     6
  Eat: Bread ration      |       |     1 ||     1
Armor: Robe              |     4 |       ||     4
       Ring mail         |       |     7 ||     7
Dodge: Dodged            |    16 |    16 ||    32
       Deflected         |     1 |       ||     1
